Description

Rush with only Banshee

Replay - A.I. 1 (Hard) v Duke - Abyssal Reef LE

Build Order

Get SALT Encoding   

  12  0:11  Supply Depot  
  12  0:18  Refinery  
  12  0:36  Barracks  
  12  0:43  SCV  
  13  0:51  Refinery  
  13  0:59  SCV  
  14  1:16  SCV  
  15  1:29  SCV  
  15  1:30  Factory  
  16  1:36  Barracks Tech Lab  
  16  2:05  SCV  
  17  2:17  SCV  
  17  2:20  Supply Depot  
  18  2:25  Factory Tech Lab  
  18  2:33  Starport  
  18  2:46  Supply Depot  
  18  3:11  Starport  
  18  3:19  SCV  
  19  3:31  SCV  
  20  3:43  SCV  
  21  3:55  SCV  
  22  4:04  Banshee  
  22  4:08  Starport Tech Lab  
  25  4:29  Banshee  
  28  4:47  Banshee  
  31  5:12  Banshee  
  34  5:30  Banshee  
  37  5:41  Command Center  
  37  6:53  Banshee x2  
  43  7:35  Banshee x2  
  43  9:59  Banshee  
Spawning Tool Build Advisor. Get it on Overwolf

Go to:

Details

  • Created by: mbridell
  • Published on: Aug 23, 2017
  • Modified on: Aug 23, 2017
  • Patch: 3.8.0
Show
View Real Time Build Order
Export as new Build Order

Comments (4)

On Aug. 24, 2017, 4:50 p.m., DrPooraka  said:

Were is the orbital Command upgrade btw Mbridell?
Also is this for Lotv?

On Aug. 24, 2017, 4:03 p.m., mbridell  said:

Sorry forgot to mention to move the factory and barracks after you have tech and put the star port on the tech. Speeds up the process.

Ps. Found this build on another site.

On Aug. 24, 2017, 3:59 p.m., DrPooraka  said:

Great Build here lads.
However how does it go in the ladders?
bronze to GM??

On Aug. 24, 2017, 3:59 p.m., DrPooraka  said:

Great Build here lads.
However how does it go in the ladders?
bronze to GM??

Create an account to comment!